 Dungeon Crawl Stone Soup version 0.26.0-18-gc5c842f807 (webtiles) character file.

Game seed: 13689402107259517580

2330 promet the Grappler (level 9, 0/83 HPs)
             Began as a Troll Monk on Jan 22, 2021.
             Was a Believer of Wu Jian.
             Killed from afar by a catoblepas (2 damage)
             ... with a blast of calcifying dust
             ... while petrified by a catoblepas
             ... on level 8 of the Dungeon.
             The game lasted 00:20:18 (5805 turns).

promet the Grappler (Troll Monk)                    Turns: 5805, Time: 00:20:19

Health: 0/83       AC:  9    Str: 21    XL:     9   Next: 19%
Magic:  0/8        EV:  1    Int:  6    God:    Wu Jian [**....]
Gold:   94         SH:  0    Dex: 15    Spells: 8/8 levels left

rFire    . . .     SeeInvis +     - Unarmed
rCold    . . .     Faith    .   (no shield)
rNeg     + + +     Spirit   +   a - +1 robe
rPois    ∞         Reflect  .   C - +2 hat
rElec    .         Harm     .   (no cloak)
rCorr    +         Rampage  .   (gloves unavailable)
Will     .....                  (boots unavailable)
Stlth    ++........             y - amulet of guardian spirit
HPRegen  0.63/turn              b - ring of resist corrosion
MPRegen  0.11/turn              r - ring of see invisible

@: petrified
A: large, unfitting armour, claws 3, regeneration 1, shaggy fur 1, tough skin 3
a: Renounce Religion, Wall Jump


You were on level 8 of the Dungeon.
You worshipped Wu Jian.
Wu Jian was pleased with you.
You visited 2 branches of the dungeon, and saw 9 of its levels.

You collected 226 gold pieces.
You spent 132 gold pieces at shops.

Inventory:

Hand Weapons
 e - a +0 hunting sling
 f - a +0 spear
 o - a +0 mace of protection
 u - a +0 shortbow
 x - a +0 halberd
 E - a cursed +0 dagger
Missiles
 g - 17 poisoned darts
 h - 88 sling bullets
 i - 269 stones (quivered)
 k - 6 atropa-tipped darts
 n - 57 bolts
 v - 142 arrows
Armour
 a - a +1 robe (worn)
 C - a +2 hat (worn)
Jewellery
 b - a ring of resist corrosion (left claw)
 r - a ring of see invisible (right claw)
 y - an amulet of guardian spirit (around neck)
Wands
 l - a wand of flame (75)
 w - a wand of random effects (27)
Scrolls
 j - 6 scrolls of teleportation
 m - 7 scrolls of identify
 q - a scroll of remove curse
 B - a scroll of fog
 D - a scroll of amnesia
Potions
 c - 3 potions of heal wounds
 d - 2 potions of resistance
 p - a potion of flight {unknown}
 s - 4 potions of curing
 t - 2 potions of brilliance {unknown}
 z - a potion of mutation {unknown}
 A - a potion of might {unknown}
 F - a potion of ambrosia {unknown}


   Skills:
 + Level 3.3 Fighting
 + Level 0.8 Slings
 + Level 0.8 Bows
 + Level 4.7 Dodging
 + Level 2.3 Stealth
 * Level 10.4 Unarmed Combat


You had 8 spell levels left.
You didn't know any spells.
Your spell library was empty.

Dungeon Overview and Level Annotations

Branches:
Dungeon (8/15)             Temple (1/1) D:6
   Lair: D:8-11

Altars:
Ashenzari
Cheibriados
Dithmenos
Elyvilon
Fedhas
Gozag
Hepliaklqana
Makhleb
Nemelex Xobeh
Okawaru
Qazlal
Ru
Sif Muna
Trog
Uskayaw
Vehumet
Wu Jian
Xom
Yredelemnul
Zin
The Shining One

Shops:
D:7 !


Innate Abilities, Weirdness & Mutations

You are too large for most types of armour.
You have claws for hands.
Your natural rate of healing is unusually fast.
You are covered in fur. (AC +1)
You have extremely tough skin. (AC +3)


Message History

You are engulfed in calcifying dust.
The orc shouts!
The worker ant bites you but does no damage.
The catoblepas gores you! The worker ant bites you! The catoblepas gores you!!
The worker ant bites you but does no damage.
The catoblepas gores you!! The worker ant bites you.
You hear a shout!
The catoblepas gores you!!
The worker ant waves its antennae.
The worker ant bites you but does no damage.
The worker ant bites you. The catoblepas gores you!!
* * * LOW HITPOINT WARNING * * *
The worker ant bites you but does no damage.
The catoblepas gores you!!
* * * LOW HITPOINT WARNING * * *
The worker ant completely misses you.
The catoblepas breathes a plume of calcifying dust at you.
The blast of calcifying dust hits you!
You die...

.........)..†....#
.........#######.#
.†........ #.#
###l###.... #.#
#.....##...# #.# .
...##..#####.###
##..##.#.......#
##. .#.###.#.#
#....@#.# ####BY#
# ...Oo .......#
##.###..# ... ##..
..# #. ## #.


You could see a catoblepas, an ogre, a worker ant and an orc.

Vanquished Creatures
  A gargoyle (D:8)
  A spriggan (D:7)
  A water moccasin (D:7)
  An orc warrior (D:6)
  2 ice beasts
  A sky beast (D:6)
  4 centaurs
  Blork the orc (D:5)
  4 bullfrogs
  2 scorpions
  A howler monkey (D:8)
  A jelly (D:8)
  5 hounds
  7 orc wizards
  4 worker ants
  4 gnolls
  4 adders
  2 shadow imps
  2 dart slugs
  4 leopard geckos
  14 orcs
  4 bats
  4 giant cockroaches
  4 goblins (D:1)
  3 hobgoblins (D:1)
  6 jackals
  A frilled lizard (D:5)
  6 kobolds
  2 rats
96 creatures vanquished.

Notes
Turn   | Place    | Note
-------+----------+-------------------------------------------
     0 | D:1      | promet the Troll Monk began the quest for the Orb.
     0 | D:1      | Reached XP level 1. HP: 22/22 MP: 0/0
    65 | D:1      | Reached XP level 2. HP: 29/29 MP: 1/1
   643 | D:1      | Reached XP level 3. HP: 36/36 MP: 2/2
   822 | D:2      | You fall into a shaft and drop 1 floor!
  1025 | D:3      | Found a snail-covered altar of Cheibriados.
  1028 | D:3      | Found a broken altar of Ashenzari.
  1028 | D:3      | Found a sparkling altar of Nemelex Xobeh.
  1030 | D:3      | Found a shimmering altar of Xom.
  1030 | D:3      | Found a hide-covered altar of Uskayaw.
  1030 | D:3      | Found an ancient bone altar of Kikubaaqudgha.
  2131 | D:4      | Reached skill level 4 in Unarmed Combat
  2131 | D:4      | Reached XP level 4. HP: 43/44 MP: 3/3
  2456 | D:5      | Entered Level 5 of the Dungeon
  2506 | D:5      | Noticed a centaur
  2528 | D:5      | Killed a centaur
  2529 | D:5      | Reached XP level 5. HP: 22/52 MP: 4/4
  2713 | D:5      | Noticed an ice beast
  2719 | D:5      | Reached skill level 5 in Unarmed Combat
  2742 | D:5      | Killed an ice beast
  2743 | D:5      | Reached XP level 6. HP: 6/59 MP: 5/5
  2973 | D:5      | Reached skill level 6 in Unarmed Combat
  3247 | D:5      | Reached XP level 7. HP: 47/67 MP: 6/6
  3312 | D:5      | Noticed Blork the orc
  3316 | D:5      | Killed Blork the orc
  3678 | D:6      | Reached skill level 7 in Unarmed Combat
  3844 | D:6      | Found a shimmering blue altar of Sif Muna.
  3846 | D:6      | Reached XP level 8. HP: 75/75 MP: 7/7
  3884 | D:6      | Found a staircase to the Ecumenical Temple.
  3893 | Temple   | Entered the Ecumenical Temple
  4044 | Temple   | Became a worshipper of the Wu Jian Council
  4044 | Temple   | Reached * piety under Wu Jian
  4044 | Temple   | Reached ** piety under Wu Jian
  4188 | D:6      | Reached skill level 8 in Unarmed Combat
  5358 | D:7      | Found Antas's Distillery.
  5387 | D:7      | Bought a potion of curing for 36 gold pieces
  5387 | D:7      | Bought a potion of curing for 36 gold pieces
  5387 | D:7      | Bought a potion of heal wounds for 60 gold pieces
  5453 | D:7      | Reached skill level 9 in Unarmed Combat
  5632 | D:8      | Reached XP level 9. HP: 75/83 MP: 8/8
  5663 | D:8      | Reached skill level 10 in Unarmed Combat
  5664 | D:8      | Noticed a gargoyle
  5676 | D:8      | Killed a gargoyle
  5781 | D:8      | Noticed a catoblepas
  5804 | D:8      | HP: 2/83 [catoblepas (14)]
  5805 | D:8      | Killed from afar by a catoblepas

Illustrated notes

Levels and vault maps discovered:
D:1:      dpeg_arrival_long_road, layout_basic
D:2:      layout_rooms, old_standard_altar,
          chequers_ecumenical_altar_simple_redux,
          hangedman_decor_diamond_cutter, nicolae_ru_path_of_blood
D:3:      layout_basic, doesnt_xom_only_xom
D:4:      layout_loops_cross, kennysheep_generic_room_14
D:5:      layout_basic, uniq_blork_the_orc
D:6:      layout_loops_ring, minmay_temple_entry_trees, basic_altar
D:7:      layout_cave_pods, serial_shops, shop, minivault_22, the_bakery
D:8:      minmay_the_grid_octo_triangle [minmay_the_grid_octo_thin_diamonds,
          minmay_the_grid_octo_prize_ultimate_mussel_roller,
          minmay_the_grid_octo_odd_swirl], layout_basic, lair_entry_dummy,
          serial_shops, shop, fedhas_altar_4
Temple:   kilobyte_greek_temple

Skill      XL: |  1  2  3  4  5  6  7  8  9 |
---------------+----------------------------+-----
Dodging        | 3 4 |  4.7
Unarmed Combat | 4 5 6 7 9 10 | 10.4
Fighting       | 3 |  3.3
Stealth        | 2 |  2.3
Slings         | |  0.8
Bows           | |  0.8

Action                   |  1- 3 |  4- 6 |  7- 9 || total
-------------------------+-------+-------+-------++-------
Melee: Unarmed           |    55 |    74 |   160 ||   289
       Punch             |     3 |     1 |     4 ||     8
 Fire: Shortbow          |       |       |     8 ||     8
       Hunting sling     |       |       |     8 ||     8
Invok: Lunge             |       |       |     9 ||     9
       Whirlwind         |       |       |     4 ||     4
  Use: Potion            |     5 |       |       ||     5
       Scroll            |     3 |     3 |     1 ||     7
 Stab: Sleeping          |       |     2 |     3 ||     5
Armor: Robe              |    23 |    41 |    40 ||   104
Dodge: Dodged            |    28 |    59 |    65 ||   152
